 Dungeon Crawl Stone Soup version 0.28.0-53-g5a82cb258f (webtiles) character file.

Game seed: 1118749909014808123

112 quixfox the Covered (level 4, -1/29 HPs)
             Began as a Gargoyle Fighter on July 17, 2022.
             Slain by Terence
             ... wielding a +1 falchion of electrocution
              (11 damage)
             ... on level 3 of the Dungeon.
             The game lasted 00:03:27 (2019 turns).

quixfox the Covered (Gargoyle Fighter)              Turns: 2019, Time: 00:03:27

Health: -1/29      AC: 12    Str: 22    XL:     4   Next: 93%
Magic:  4/4        EV: 17    Int:  8    God:
Gold:   165        SH:  5    Dex:  9    Spells: 3/3 levels left

rFire   . . .      SeeInvis .   (weapon currently unavailable)
rCold   . . .      Faith    .   (shield currently unavailable)
rNeg    + + +      Spirit   .   (armour currently unavailable)
rPois   ∞          Reflect  +   (helmet currently unavailable)
rElec   .          Harm     .   (cloak currently unavailable)
rCorr   .          Rampage  .   (gloves currently unavailable)
Will    .....                   (boots currently unavailable)
Stlth   +.........              h - amulet of reflection
HPRegen 0.09/turn               (no ring)
MPRegen 0.09/turn               (no ring)

@: fungus-form (expiring), weak-willed
A: melee confuse, terrified, no casting, sickness immunity, AC +3, tiny,
negative energy resistance 1, (electricity resistance), torment resistance 1,
petrification resistance
a: no special abilities


You were on level 3 of the Dungeon.
You were a sentient fungus.
You visited 1 branch of the dungeon, and saw 3 of its levels.

You collected 165 gold pieces.

Inventory:

Hand Weapons
 a - a +0 flail (melded)
Missiles
 l - 2 throwing nets (quivered)
Armour
 b - a +0 scale mail (melded)
 c - a +1 buckler (melded)
Jewellery
 h - an amulet of reflection (around neck)
Scrolls
 e - a scroll of enchant armour
Potions
 d - a potion of might
 j - a potion of flight {unknown}
 m - a potion of heal wounds {unknown}


   Skills:
 + Level 4.1 Fighting
 * Level 3.7 Maces & Flails
 + Level 4.1 Armour
 - Level 3.2 Shields


You had 3 spell levels left.
You didn't know any spells.
Your spell library was empty.

Dungeon Overview and Level Annotations

Branches:
Dungeon (3/15)

Altars:

Annotations:
D:3 Ijyb, Terence


Innate Abilities, Weirdness & Mutations

You are a sentient fungus.
You are tiny and evasive.
Your melee attack releases spores that confuse breathing creatures.
You become terrified and freeze when enemies are visible.
Your armour is entirely melded.
You are incapable of wielding weapons or throwing items.
You cannot cast spells.
You are immune to sickness and miasma.
((Your stone body is resilient. (AC +3)))
You are immune to poison.
You resist negative energy. (rN+)
((You are resistant to electric shocks. (rElec)))
You are resistant to unholy torment.
You are immune to petrification.


Message History

Your +0 scale mail melds into your body.
You're too terrified to move while being watched!
You're too terrified to move while being watched!
Okay, then.
As you read the scroll labelled COV NIENIWY, it crumbles to dust.
It is a scroll of enchant armour.
Your +0 buckler glows green for a moment.
As you read the scroll labelled NALOIC BICSO, it crumbles to dust.
You feel aware of your surroundings.
You sensed 1 altar.
It was a scroll of magic mapping.
Blink to where?
Press: ? - help, Dir - move target
As you read the scroll labelled MIAMEFFOFESEL, it crumbles to dust.
It was a scroll of blinking.
As you read the scroll labelled UGUITO MEICU, it crumbles to dust.
Magic quickly surges around you.
It was a scroll of vulnerability.
As you read the scroll labelled EKOTWE DOEDIE, it crumbles to dust.
You feel strangely unstable.
It was a scroll of teleportation.
Ijyb is nearby!
Ijyb is nearby!
Ijyb is nearby!
Ijyb is nearby!
Ijyb is nearby!
Your transformation is almost over.
Your surroundings suddenly seem different.
Terence the Incautious comes into view.
He is wielding a +1 falchion of electrocution.
Terence shouts!
Terence closely misses you. Terence closely misses you.
You block Terence's attack. Terence misses you. Terence barely misses you.
Okay, then.
Terence hits you but does no damage.
You are electrocuted!
Ouch! That really hurt!
Terence hits you but does no damage. Terence closely misses you.
Terence hits you with a +1 falchion of electrocution.
You are electrocuted!
You die...

*###############*******
*********......@........,,,,,,*
,,,,,,,,,.......f.......,,,>***
,,,,,,,,,..###.....#.###.,#.* *##
**,,,,,,,,,...............#.###.#
***,*,**#.#.#.#.#...#....#.....#
****,,,,,...,..#..........<......
*,****,**#.#####.#.....#..#......
*,,,,,,,*#.# #.#...............
*,***#####.# ##.#...............
*,* #.....## #..........#..##.##


You could see Terence.

Vanquished Creatures
  3 adders (D:2)
  3 gnolls (D:2)
  An ufetubus (D:2)
  A worm (D:2)
  A dart slug (D:3)
  A ball python (D:2)
  5 endoplasms
  2 giant cockroaches
  3 goblins
  3 hobgoblins
  3 jackals (D:2)
  3 kobolds (D:1)
  5 quokkas
  5 bats
  2 frilled lizards (D:2)
  A rat (D:2)
42 creatures vanquished.

Notes
Turn   | Place    | Note
-------+----------+-------------------------------------------
     0 | D:1      | quixfox the Gargoyle Fighter began the quest for the Orb.
     0 | D:1      | Reached XP level 1. HP: 14/14 MP: 1/1
   231 | D:1      | Reached XP level 2. HP: 15/19 MP: 2/2
  1066 | D:2      | Found a faded altar of an unknown god.
  1170 | D:2      | Reached XP level 3. HP: 23/23 MP: 3/3
  1458 | D:2      | Reached XP level 4. HP: 29/29 MP: 4/4
  2002 | D:3      | Noticed Ijyb
  2011 | D:3      | Noticed Terence
  2019 | D:3      | Slain by Terence

Illustrated notes

Levels and vault maps discovered:
D:1:      dpeg_arrival_lava_temple_mockup, layout_basic
D:2:      layout_loops_corners, basic_ecumenical_altar
D:3:      layout_basic, okawaru_gym_becter, gammafunk_ghost_gnarly_gnolls,
          minivault_5, uniq_terence, uniq_ijyb, uniq_natasha

Skill      XL: |  1  2  3  4 |
---------------+-------------+-----
Maces & Flails | 3 |  3.7
Armour         | 4 |  4.1
Fighting       | 4 |  4.1
Shields        | |  3.2

Action                   |  1- 3 |  4- 6 || total
-------------------------+-------+-------++-------
Melee: Flail             |    75 |    65 ||   140
  Use: Scroll            |       |     5 ||     5
       Potion            |       |     1 ||     1
Armor: Scale mail        |    25 |    36 ||    61
       Skin              |       |     2 ||     2
Dodge: Dodged            |    40 |    29 ||    69
Block: Buckler           |    38 |    40 ||    78
       Other             |       |     1 ||     1
